 Dungeon Crawl Stone Soup version 0.30-a0-782-ge64f9170bb (webtiles) character file.

Game seed: 17796847187880190546

62 senseless the Shooter (level 4, -6/37 HPs)
             Began as a Hill Orc Hunter on Mar 13, 2023.
             Mangled by Sigmund
             ... wielding a +0 scythe
              (9 damage)
             ... on level 3 of the Dungeon.
             The game lasted 00:05:10 (1455 turns).

senseless the Shooter (Hill Orc Hunter)             Turns: 1455, Time: 00:05:11

Health: -6/37      AC:  4    Str: 13    XL:     4   Next: 8%
Magic:  4/4        EV: 12    Int:  9    God:
Gold:   95         SH:  0    Dex: 16    Spells: 3/3 levels left

rFire   . . .      SeeInvis .    a - +0 shortbow
rCold   . . .      Faith    .    (shield currently unavailable)
rNeg    . . .      Spirit   .    c - +0 leather armour
rPois   .          Reflect  .    (no helmet)
rElec   .          Harm     .    (no cloak)
rCorr   .          Rampage  .    j - +0 pair of gloves
Will    .....                    (no boots)
Stlth   +                        (no amulet)
HPRegen 0.26/turn                (no ring)
MPRegen 0.09/turn                (no ring)

@: no status effects
A: no striking features
a: no special abilities


You were on level 3 of the Dungeon.
You visited 1 branch of the dungeon, and saw 3 of its levels.

You collected 95 gold pieces.

Inventory:

Hand Weapons
 a - a +0 shortbow (weapon)
Armour
 c - a +0 leather armour (worn)
 j - a +0 pair of gloves (worn)
Scrolls
 b - a scroll of immolation
Potions
 d - a potion of flight {unknown}
 e - 2 potions of mutation {unknown}
 f - a potion of ambrosia {unknown}
 k - a potion of heal wounds {unknown}


   Skills:
 + Level 2.9 Fighting
 + Level 4.6 Ranged Weapons
 + Level 1.0 Armour
 + Level 1.7 Dodging
 + Level 0.7 Stealth


You had 3 spell levels left.
You didn't know any spells.
Your spell library contained the following spells:

 Spells                   Type           Power      Damage    Failure   Level
 Cigotuvi's Dreadful Rot  Necr/Pois/Air  0%         N/A       61%         2
 Poisonous Vapours        Pois/Air       0%         N/A       61%         2
 Mephitic Cloud           Conj/Pois/Air  0%         N/A       83%         3
 Freezing Cloud           Conj/Ice/Air   0%         6-21      100%        5
 Simulacrum               Ice/Necr       0%         N/A       100%        6
 Polar Vortex             Ice            0%         N/A       100%        9


Dungeon Overview and Level Annotations

Branches:
Dungeon (3/15)

Altars:

Annotations:
D:3 Sigmund


Message History

You shoot an arrow. The arrow hits Sigmund!
Sigmund is moderately wounded.
You shoot an arrow.
The arrow hits Sigmund but does no damage.
Sigmund is moderately wounded.
Sigmund barely misses you.
You shoot an arrow. The arrow closely misses Sigmund.
Sigmund laughs darkly.
Sigmund hits you from afar with a +0 scythe!
You shoot an arrow.
The arrow hits Sigmund but does no damage.
Sigmund is moderately wounded.
Sigmund hits you from afar with a +0 scythe!
You are too injured to fight recklessly!
Sigmund points at you and mumbles some strange words.
You are confused.
Sigmund casts a spell at you. The magic dart hits you.
Non-targeted confused fire: a) +0 shortbow
Press: ? - help, Q - select action Dir - look around, f - activate You shoot an arrow.
Sigmund misses you.
Non-targeted confused fire: a) +0 shortbow
Press: ? - help, Q - select action Dir - look around, f - activate Look: Sigmund, wielding a +0 scythe and wearing a +0 robe (moderately wounded)
You shoot an arrow.
Sigmund gestures wildly while chanting.
Sigmund flickers and vanishes!
Deactivating autopickup; reactivate with Ctrl-A.
Non-targeted confused fire: a) +0 shortbow
Press: ? - help, Q - select action Dir - look around, f - activate You shoot an arrow.
You feel less confused. Something hits you!
* * * LOW HITPOINT WARNING * * *
Fire: a) +0 shortbow
Press: ? - help, Q - select action Shift-Dir - straight line You shoot an arrow.
Something hits you!
You die...

. #.# #. .#. ##. .. #
..####.#
#.####.....#.# ##
.............#.. .#
........@#####.##.##
.............#.#....
.....>..{#........###
...#.....#...........
. #...##<.........##
#... #............
#... #........##
..... #.#..<..†#
###### #.#......#


There were no monsters in sight!

Vanquished Creatures
  An adder (D:2)
  A dart slug (D:1)
  5 ball pythons
  5 endoplasms
  2 giant cockroaches (D:1)
  4 goblins
  7 hobgoblins
  3 jackals (D:2)
  A quokka (D:1)
  3 bats
  6 kobolds
  7 rats (D:1)
45 creatures vanquished.

Notes
Turn   | Place    | Note
-------+----------+-------------------------------------------
     0 | D:1      | senseless the Hill Orc Hunter began the quest for the Orb.
     0 | D:1      | Reached XP level 1. HP: 18/18 MP: 1/1
    75 | D:1      | You fall into a shaft and drop 1 floor!
    82 | D:2      | Reached XP level 2. HP: 25/25 MP: 2/2
   103 | D:1      | Reached skill level 4 in Ranged Weapons
   522 | D:1      | Reached XP level 3. HP: 30/30 MP: 3/3
  1302 | D:2      | Reached skill level 1 in Armour
  1302 | D:2      | Reached XP level 4. HP: 36/37 MP: 4/4
  1437 | D:3      | Noticed Sigmund
  1455 | D:3      | Mangled by Sigmund

Illustrated notes

Levels and vault maps discovered:
D:1:      minmay_arrival_solitary_statue, layout_loops_ring,
          roderic_serpentine_path, minivault_26
D:2:      layout_rooms, minmay_misc_feat_roman, minmay_misc_feat_alley,
          minmay_tetromino_o2
D:3:      layout_basic, minmay_starry_boxes, uniq_sigmund

Skill      XL: |  1  2  3 |
---------------+----------+-----
Ranged Weapons | 4 |  4.6
Armour         | 1 |  1.0
Fighting       | |  2.9
Dodging        | |  1.7
Stealth        | |  0.7

Action                     |  1- 3 |  4- 6 || total
---------------------------+-------+-------++-------
   Fire: Shortbow          |    99 |    12 ||   111
    Use: Scroll            |     4 |     3 ||     7
 Armour: Leather armour    |     6 |     1 ||     7
  Dodge: Dodged            |    17 |     3 ||    20

Table legend: (Time is in decaauts)
 A = Elapsed time spent in this place.
 B = Non-inter-level travel time spent in this place.
 C = Inter-level travel time spent in this place.
 D = Time resting spent in this place.
 E = Time spent auto-exploring this place.
 F = Levels seen in this place.
 G = Mean time per level.
                   A        B        C        D        E       F      G
               +--------+--------+--------+--------+--------+-----+--------+
         Total |   1491 |   1414 |     77 |    159 |   1009 |   3 |  497.0 |
       Dungeon |   1491 |   1414 |     77 |    159 |   1009 |   3 |  497.0 |
               +--------+--------+--------+--------+--------+-----+--------+

Top non-repeatable levels by time:
     D:1: 955 daAuts
     D:2: 500 daAuts
     D:3: 35 daAuts
